Unix NetHack Version 3.7.0-51 Work-in-progress - last build Mar 8 2022 00:06:52 (ce1e6a145e5d3e7dd6f4b57ba37794bc207988de,branch:master). Game began 2022-03-09 19:16:43, ended 2022-03-09 19:26:16. wbn, chaotic male elven Ranger ------- |.....| |.....| |.....| |.....| |....<| -----|- # # ###d#@` o .. ... ...| ---- Wbn the Tenderfoot St:15 Dx:12 Co:14 In:13 Wi:14 Ch:7 Chaotic S:392 Dlvl:5 $:46 HP:0(16) Pw:13(13) AC:7 Xp:2/34 T:1094 Satiated Latest messages: The 1st elven arrow hits the gnome zombie! You destroy the gnome zombie! There is a doorway here. You see here a +2 elven arrow. c - a +2 elven arrow (in quiver). You see here 2 +2 elven arrows. c - 2 +2 elven arrows (in quiver). Where do you want to travel to? (For instructions type a '?') You descend the stairs. You climb up the stairs. Where do you want to travel to? (For instructions type a '?') In what direction? h Pick an object. The hobbit shoots a gray stone! You are hit by a gray stone. In what direction? h You shoot 2 elven arrows. The 1st elven arrow hits the hobbit! The 2nd elven arrow hits the hobbit! You kill the hobbit! c - 2 +2 elven arrows (in quiver). You see here a sling. Sirius picks up a sling. You see here 6 gray stones. You see here a gray stone. You descend the stairs. You see here a food ration. There is a food ration here; eat it? [ynq] (n) y This satiates your stomach! You finish eating the food ration. The door opens. With great effort you move the boulder. You begin bashing monsters with your elven bow. You hit the goblin. What do you want to wield? [- abcd or ?*] a a - a +1 elven dagger (weapon in hand). b - a blessed +1 elven bow (alternate weapon; not wielded). The goblin thrusts his crude dagger. The goblin hits! You miss the goblin. The goblin thrusts his crude dagger. The goblin hits! You die... Do you want your possessions identified? [ynq] (y) y Do you want to see your attributes? [ynq] (y) y Do you want an account of creatures vanquished? [ynaq] (y) y Do you want to see your conduct and achievements? [ynq] (y) y Do you want to see the dungeon overview? [ynq] (y) y Major events: Turn 1: wbn the chaotic male elven Ranger entered the dungeon 975: entered the Gnomish Mines 1094: killed by a goblin Inventory: Coins $ - 46 gold pieces Weapons c - 55 +2 elven arrows (in quiver) d - 33 +0 elven arrows b - a blessed +1 elven bow (alternate weapon; not wielded) a - a +1 elven dagger (weapon in hand) Armor e - an uncursed +2 elven cloak (being worn) Comestibles i - an uncursed food ration f - 4 uncursed lembas wafers Wbn the Ranger's attributes: Background: You were a Tenderfoot, a level 2 male elven Ranger. You were chaotic, nominally on a mission for Mars who was opposed by Mercury (lawful) and Venus (neutral). You were in the Dungeons of Doom, on level 5. You entered the dungeon 1094 turns ago. You had 34 experience points, 6 more were needed to attain level 3. Your score was 392 before end-of-game adjustments. Basics: You had 0 out of 16 hit points. You had all 13 energy points (spell power). Your armor class was 7. Your wallet contained 46 zorkmids. Autopickup was off. Final Characteristics: Your strength was 15 (limit:18). Your dexterity was 12 (limit:18). Your constitution was 14 (limit:16). Your intelligence was 13 (limit:20). Your wisdom was 14 (limit:20). Your charisma was 7 (limit:18). Final Status: You were satiated. You were unencumbered. You were wielding a dagger. You had basic skill with dagger. Final Attributes: You were devoutly aligned. You had automatic searching. You had infravision. You were stealthy. You were warded. You are dead. Miscellaneous: You never encountered a bones level. Total elapsed playing time was 9 minutes and 32 seconds. Vanquished creatures: 2 coyotes a hobbit a red mold a gnome zombie 4 jackals a kobold a goblin 2 grid bugs a lichen 14 creatures vanquished. No species were genocided or became extinct. Voluntary challenges: You were an atheist. You read items or engraved 2 times. You never engraved Elbereth. You never genocided any monsters. You never polymorphed an object. You never changed form. You used no wishes. Achievement: You entered the Gnomish Mines. The Dungeons of Doom: levels 1 to 5 Level 1: Level 2: A fountain. Level 3: An altar to Mars. Level 4: Stairs down to The Gnomish Mines. Level 5: <- You were here. Final resting place for you, killed by a goblin. The Gnomish Mines: Level 5: Game over: ---------- / \ / REST \ / IN \ / PEACE \ / \ | wbn | | 46 Au | | killed by a | | goblin | | | | | | 2022 | *| * * * | * _________)/\\_//(\/(/\)/\//\/|_)_______ Goodbye wbn the Ranger... You died in The Dungeons of Doom on dungeon level 5 with 388 points, and 46 pieces of gold, after 1094 moves. You were level 2 with a maximum of 16 hit points when you died.